 Dungeon Sprint DCSS version 0.31-a0-656-gb4d89c20fa (webtiles) character file.

Game seed: 4561922163764217942

69 zazu2006 the Nimble (level 4, -5/55 HPs)
             Began as a Gnoll Wanderer on Aug 30, 2023.
             Was a Priest of Vehumet.
             Slain by Duvessa
             ... wielding a +0 short sword
              (16 damage)
             ... in the Dungeon (Sprint VII: "The Pits").
             The game lasted 00:01:34 (189 turns).

zazu2006 the Nimble (Gnoll Wanderer)                 Turns: 189, Time: 00:01:35

Health: -5/55      AC:  3    Str: 12    XL:     4   Next: 20%
Magic:  9/9        EV: 16    Int: 11    God:    Vehumet [***...]
Gold:   0          SH:  0    Dex: 13    Spells: 9/10 levels left

rFire   . . .        j - +2 falchion
rCold   . . .        (no shield)
rNeg    . . .        d - +0 robe
rPois   .            (no helmet)
rElec   .            (no cloak)
rCorr   .            b - +0 pair of gloves
SInv    .            (no boots)
Will    .....        (no amulet) Stlth
                     (no ring)
HPRegen 0.29/turn    (no ring)
MPRegen 0.11/turn

%: no teleportation
@: berserking, lit by a corona, glowing, very quick
A: fangs 1, strong nose, distributed training
a: Renounce Religion


You were in the Dungeon.
You worshipped Vehumet.
Vehumet was most pleased with you.
You visited 1 branch

Inventory:

Hand Weapons
 j - a +2 falchion (weapon)
Armour
 b - a +0 pair of gloves (worn)
 d - a +0 robe (worn)
Scrolls
 i - a scroll of blinking
 k - 2 scrolls of vulnerability
 l - 5 scrolls of amnesia
 m - a scroll of summoning
Potions
 a - 2 potions of invisibility
 c - 3 potions of berserk rage
 e - a potion of curing
 g - a potion of haste
 h - 4 potions of magic


   Skills:
 + Level 3.7 Fighting
 + Level 2.5 Short Blades
 + Level 3.7 Long Blades
 + Level 2.5 Axes
 + Level 2.5 Maces & Flails
 + Level 2.5 Polearms
 + Level 2.5 Staves
 + Level 2.5 Ranged Weapons
 + Level 2.5 Throwing
 + Level 2.5 Armour
 + Level 8.9 Dodging
 + Level 3.5 Stealth
 + Level 2.5 Shields
 + Level 2.5 Unarmed Combat
 + Level 3.8 Spellcasting
 + Level 2.1 Conjurations
 + Level 2.1 Hexes
 + Level 2.1 Summonings
 + Level 2.1 Necromancy
 + Level 2.1 Translocations
 + Level 2.1 Transmutations
 + Level 2.1 Fire Magic
 + Level 2.1 Ice Magic
 + Level 2.1 Air Magic
 + Level 2.1 Earth Magic
 + Level 4.3 Poison Magic
 + Level 2.8 Invocations
 + Level 2.5 Evocations
 + Level 2.3 Shapeshifting


You had 9 spell levels left.
You knew the following spells:

 Your Spells              Type           Power      Damage    Failure   Level
a - Sting                 Tmut/Pois      36%        1d4       6%          1

Your spell library contained the following spells:

 Spells                   Type           Power      Damage    Failure   Level
 Sandblast                Erth           12%        2d6       3%          1
 Cigotuvi's Dreadful Rot  Necr/Pois/Air  16%        N/A       11%         2
 Olgreb's Toxic Radiance  Pois           11%        N/A       11%         4


Dungeon Overview and Level Annotations

Branches:
Dungeon (1/1)

Altars:
Ashenzari
Cheibriados
Dithmenos
Elyvilon
Fedhas
Gozag
Hepliaklqana
Kikubaaqudgha
Makhleb
Nemelex Xobeh
Okawaru
Qazlal
Ru
Sif Muna
Trog
Uskayaw
Vehumet
Wu Jian
Xom
Yredelemnul
Zin
The Shining One
Jiyva
Lugonu

Annotations:
D Duvessa


Innate Abilities, Weirdness & Mutations

You have very sharp teeth.
Your uncanny sense of smell can sniff out nearby items.
Your experience applies equally to all skills.


Message History

Your Shields skill increases to level 2!
Your Unarmed Combat skill increases to level 2!
Your Conjurations skill increases to level 2!
Your Hexes skill increases to level 2!
Your Summonings skill increases to level 2!
Your Necromancy skill increases to level 2!
Your Translocations skill increases to level 2!
Your Transmutations skill increases to level 2!
Your Fire Magic skill increases to level 2!
Your Ice Magic skill increases to level 2!
Your Air Magic skill increases to level 2!
Your Earth Magic skill increases to level 2!
Your Poison Magic skill increases to level 4!
Your Invocations skill increases to level 2!
Your Evocations skill increases to level 2!
Your Shapeshifting skill increases to level 2!
You have reached level 3!
Your experience leads to an increase in your attributes!
Increase (S)trength, (I)ntelligence, or (D)exterity?
You feel stronger. x2
You have reached level 4!
You feel stronger.
Unknown command.
Unknown command.
Unknown command.
The river rat bites you.
* * * LOW HITPOINT WARNING * * *
Items here: ) / [ †.
You slash the river rat!
You kill the river rat!
Vehumet accepts your kill.
Vehumet is now aiding your destructive spells.
You hit Duvessa.
Duvessa is lightly wounded.
Duvessa hits you with a +0 short sword.
* * * LOW HITPOINT WARNING * * *
You slash Duvessa! Your bite misses Duvessa.
Duvessa is moderately wounded.
Duvessa hits you with a +0 short sword!
You die...

############
#_________.#
#_________.#
#_______...###########++
##########'##...........
#..(.')))'.##......#..#
##########.##..........
#.......e@..'...........
#+#####†#####......#..#.
#.....#∆∆ #...........
#.....#∆∆ ####'#####+
###r###∆∆ #.......#
#.....#∆∆ #.......#
#.....#∆∆ #.......#
####'## #...<...#
#Z.....r.##.......#


You could see Duvessa (berserk).

Vanquished Creatures
  Dowan (D)
  A river rat (D)
  A ball python (D)
  A giant cockroach (D)
  6 jackals (D)
  A frilled lizard (D)
11 creatures vanquished.

Notes
Turn   | Place    | Note
-------+----------+-------------------------------------------
     0 | D        | zazu2006 the Gnoll Wanderer began the quest for the Orb.
     0 | D        | zazu2006 set off with the following items: a +0 falchion, a
                  | +0 pair of gloves, 2 potions of berserk rage, a +0 robe, a
                  | potion of curing, a potion of heal wounds, a potion of
                  | haste, 2 potions of magic, a scroll of blinking; and the
                  | following spell memorised: Sting; and the following spells
                  | available to memorise: Cigotuvi's Dreadful Rot, Olgreb's
                  | Toxic Radiance.
     0 | D        | Reached XP level 1. HP: 17/17 MP: 4/4
    46 | D        | Found a bloodstained altar of Trog.
    46 | D        | Found a shimmering blue altar of Sif Muna.
    46 | D        | Found a viscous altar of Jiyva.
    46 | D        | Found a hazy altar of Hepliaklqana.
    46 | D        | Found an opulent altar of Gozag.
    47 | D        | Found a glowing golden altar of the Shining One.
    47 | D        | Found a glowing silver altar of Zin.
    47 | D        | Found a basalt altar of Yredelemnul.
    47 | D        | Found a shimmering altar of Xom.
    47 | D        | Found an ornate altar of the Wu Jian Council.
    47 | D        | Found a sacrificial altar of Ru.
    47 | D        | Found a stormy altar of Qazlal.
    47 | D        | Found an iron altar of Okawaru.
    47 | D        | Found a sparkling altar of Nemelex Xobeh.
    47 | D        | Found a burning altar of Makhleb.
    47 | D        | Found a blossoming altar of Fedhas.
    47 | D        | Found a white marble altar of Elyvilon.
    47 | D        | Found a shadowy altar of Dithmenos.
    47 | D        | Found a snail-covered altar of Cheibriados.
    49 | D        | Found a radiant altar of Vehumet.
    49 | D        | Found a corrupted altar of Lugonu.
    50 | D        | Found a hide-covered altar of Uskayaw.
    50 | D        | Found an ancient bone altar of Kikubaaqudgha.
    50 | D        | Found a broken altar of Ashenzari.
    57 | D        | Became a worshipper of Vehumet
    78 | D        | Reached skill level 1 in Invocations
    78 | D        | Reached * piety under Vehumet
    78 | D        | Offered knowledge of Sandblast by Vehumet.
   117 | D        | Reached skill level 1 in Short Blades
   117 | D        | Reached skill level 1 in Axes
   117 | D        | Reached skill level 1 in Maces & Flails
   117 | D        | Reached skill level 1 in Polearms
   117 | D        | Reached skill level 1 in Staves
   117 | D        | Reached skill level 1 in Ranged Weapons
   117 | D        | Reached skill level 1 in Throwing
   117 | D        | Reached skill level 1 in Armour
   117 | D        | Reached skill level 1 in Shields
   117 | D        | Reached skill level 1 in Unarmed Combat
   117 | D        | Reached skill level 1 in Evocations
   123 | D        | Reached skill level 1 in Shapeshifting
   123 | D        | Reached XP level 2. HP: 19/23 MP: 3/6
   125 | D        | Reached ** piety under Vehumet
   129 | D        | Reached skill level 1 in Conjurations
   129 | D        | Reached skill level 1 in Hexes
   129 | D        | Reached skill level 1 in Summonings
   129 | D        | Reached skill level 1 in Necromancy
   129 | D        | Reached skill level 1 in Translocations
   129 | D        | Reached skill level 1 in Transmutations
   129 | D        | Reached skill level 1 in Fire Magic
   129 | D        | Reached skill level 1 in Ice Magic
   129 | D        | Reached skill level 1 in Air Magic
   129 | D        | Reached skill level 1 in Earth Magic
   166 | D        | Noticed Duvessa
   166 | D        | Noticed Dowan
   166 | D        | Noticed a scorpion
   185 | D        | Killed Dowan
   186 | D        | Reached XP level 3. HP: 14/29 MP: 8/8
   186 | D        | Reached XP level 4. HP: 17/36 MP: 9/9
   187 | D        | Reached *** piety under Vehumet
   189 | D        | Slain by Duvessa

Illustrated notes

Levels and vault maps discovered:
D:        pitsprint [storerooms_1, entrance_room_1, metal_vault_2, armoury_1,
          mini_pit_1, grid_room_1, main_hall_1, silver_pit, the_coven_2,
          the_vestibule_1, steel_vault_3, golden_pit, hallway_of_sentries,
          crystal_vault_4, iron_vault_2, final_vault]

Skill      XL: |  1  2 |
---------------+-------+-----
Invocations    | 1 2 |  2.8
Short Blades   | 1 2 |  2.5
Axes           | 1 2 |  2.5
Maces & Flails | 1 2 |  2.5
Polearms       | 1 2 |  2.5
Staves         | 1 2 |  2.5
Ranged Weapons | 1 2 |  2.5
Throwing       | 1 2 |  2.5
Armour         | 1 2 |  2.5
Shields        | 1 2 |  2.5
Unarmed Combat | 1 2 |  2.5
Evocations     | 1 2 |  2.5
Spellcasting   | 3 |  3.8
Shapeshifting  | 1 2 |  2.3
Conjurations   | 2 |  2.1
Hexes          | 2 |  2.1
Summonings     | 2 |  2.1
Necromancy     | 2 |  2.1
Translocations | 2 |  2.1
Transmutations | 2 |  2.1
Fire Magic     | 2 |  2.1
Ice Magic      | 2 |  2.1
Air Magic      | 2 |  2.1
Earth Magic    | 2 |  2.1
Fighting       | 3 |  3.7
Long Blades    | 3 |  3.7
Stealth        | 3 |  3.5
Poison Magic   | 4 |  4.3
Dodging        | |  8.9

Action                     |  1- 3 |  4- 6 || total
---------------------------+-------+-------++-------
  Melee: Falchion          |    18 |     3 ||    21
         Bite              |     3 |       ||     3
   Cast: Sting             |    13 |       ||    13
    Use: Potion            |     2 |       ||     2
 Armour: Robe              |     4 |       ||     4
  Dodge: Dodged            |    13 |       ||    13

Table legend: (Time is in decaauts)
 A = Elapsed time spent in this place.
 B = Non-inter-level travel time spent in this place.
 C = Inter-level travel time spent in this place.
 D = Time resting spent in this place.
 E = Time spent auto-exploring this place.
 F = Levels seen in this place.
 G = Mean time per level.
                   A        B        C        D        E       F      G
               +--------+--------+--------+--------+--------+-----+--------+
         Total |    188 |    188 |      0 |     27 |     32 |   1 |  188.0 |
       Dungeon |    188 |    188 |      0 |     27 |     32 |   1 |  188.0 |
               +--------+--------+--------+--------+--------+-----+--------+

Top non-repeatable levels by time:
       D: 188 daAuts
